 Dungeon Crawl Stone Soup version 0.30-a0-918-g0ff054e9dc (webtiles) character file.

Game seed: 14102569617623775591

5363 Iich the Cleaver (level 10, -14/82 HPs)
             Began as a Demonspawn Fighter on Mar 20, 2023.
             Was an Initiate of Gozag.
             Demolished by an orc warrior
             ... wielding a +0 scimitar
              (15 damage)
             ... on level 9 of the Dungeon.
             The game lasted 00:15:45 (7142 turns).

Iich the Cleaver (Demonspawn Fighter)               Turns: 7142, Time: 00:15:47

Health: -14/82     AC:  0    Str: 18    XL:     10   Next: 39%
Magic:  9/9        EV: 11    Int:  5    God:    Gozag
Gold:   373        SH: 14    Dex: 15    Spells: 9/9 levels left

rFire   + . .      SeeInvis .    y - +4 broad axe
rCold   + . .      Faith    .    b - +0 kite shield
rNeg    . . .      Spirit   .    w - +4 ring mail {rPois}
rPois   +          Reflect  .    s - +0 helmet
rElec   +          Rampage  .    j - +3 cloak of Terror {+Inv rCorr Int-5}
rCorr   +                        p - +0 pair of gloves
Will    .....                    (no boots)
Stlth   +                        (no amulet)
HPRegen 0.33/turn                (no ring)
MPRegen 0.11/turn                (no ring)

@: resistant, corroded, gold aura, on berserk cooldown, hasted and slowed
A: hooves 2, large bone plates 2, spiny 1, low MP 1
a: Renounce Religion, Evoke Invisibility, Potion Petition, Call Merchant, Bribe
Branch


You were on level 9 of the Dungeon.
You worshipped Gozag.
Gozag was aware of your devotion.
You visited 2 branches of the dungeon, and saw 10 of its levels.

You collected 1111 gold pieces.
You spent 90 gold pieces at shops.
You paid 648 gold pieces to Gozag.

Inventory:

Hand Weapons
 y - a +4 broad axe (weapon)
Missiles
 h - a throwing net (quivered)
Armour
 b - a +0 kite shield (worn)
 c - a +0 buckler
 d - a +0 scale mail of cold resistance
 j - the +3 cloak of Terror (worn) {+Inv rCorr Int-5}
   (You found it on level 2 of the Dungeon)

   Int:       It affects your intelligence (-5).
   +Inv:      It lets you turn invisible.
   rCorr:     It protects you from acid and corrosion.
 p - a +0 pair of gloves (worn)
 s - a +0 helmet (worn)
 w - a +4 ring mail of poison resistance (worn)
Wands
 k - a wand of iceblast (3)
 v - a wand of light (7)
 D - a wand of digging (7)
Scrolls
 f - a scroll of poison {unknown}
 g - 2 scrolls of fear
 m - a scroll of noise
 o - 2 scrolls of fog
 r - 2 scrolls of magic mapping
 t - 3 scrolls of teleportation
Potions
 a - a potion of lignification
 e - a potion of attraction
 n - a potion of resistance
 q - 3 potions of curing
 x - a potion of brilliance
 z - a potion of cancellation


   Skills:
 + Level 8.7 Fighting
 * Level 10.7 Axes
 - Level 2.6 Armour
 + Level 5.9 Dodging
 - Level 2.6 Shields


You had 9 spell levels left.
You didn't know any spells.
Your spell library contained the following spells:

 Spells                   Type           Power      Damage    Failure   Level
 Sandblast                Erth           0%         2d4       96%         1
 Ensorcelled Hibernation  Hex/Ice        0%         N/A       99%         2
 Lesser Beckoning         Tloc           0%         N/A       99%         2
 Passwall                 Tmut/Erth      0%         N/A       99%         2
 Gell's Gravitas          Tloc           0%         N/A       100%        3
 Stone Arrow              Conj/Erth      0%         3d7       100%        3
 Swiftness                Air            0%         N/A       100%        3
 Teleport Other           Tloc           0%         N/A       100%        3


Dungeon Overview and Level Annotations

Branches:
Dungeon (9/15)             Temple (1/1) D:5
   Lair: D:8-11         Orc: D:9-12

Altars:
Ashenzari
Cheibriados
Dithmenos
Gozag
Kikubaaqudgha
Nemelex Xobeh
Trog
Uskayaw
Vehumet
Wu Jian
Xom
Yredelemnul

Shops:
D:9 (*

Annotations:
D:7 4 runed translucent doors, Crazy Yiuf; Gibbon's ghost, novice HuCA


Innate Abilities, Weirdness & Mutations

You have hoof-like feet.
You are mostly covered in large bone plates. (SH +6)
You are partially covered in sharp spines.
Your magical capacity is low. (-10% MP)


Message History

The kobold demonologist is no longer distracted by gold.
Something hits you.
The kobold demonologist casts a spell.
You regained 28 hp, and now have 41/82 hp.
You hit the kobold demonologist but do no damage.
The kobold demonologist is almost dead.
You closely miss something. You closely miss the orc warrior.
You hit the hellwing but do no damage.
The hellwing is no longer distracted by gold.
The hellwing is struck by your spines. The hellwing misses you.
You block the hellwing's attack. Something hits you.
The orc warrior hits you with a +0 scimitar!
* * * LOW HITPOINT WARNING * * *
The kobold demonologist gestures wildly while chanting.
The hellwing is struck by your spines. The hellwing misses you.
The hellwing hits you!
* * * LOW HITPOINT WARNING * * *
You take 27 damage, and have 14/82 hp. !!!!--MASSIVE DAMAGE--!!!!
Unknown command.
You slash the kobold demonologist!
You kill the kobold demonologist!
The hellwing disappears in a puff of smoke! x2
The white imp disappears in a puff of smoke!
The shadow imp disappears in a puff of smoke!
The ynoxinul disappears in a puff of smoke!
The white imp disappears in a puff of smoke!
You hit the orc.
You kill the orc!
You hit something.
Reactivating autopickup.
You feel a bit more experienced.
You barely miss the orc warrior. You block the orc warrior's attack.
The orc priest looks braver for a moment.
The orc priest calls down the wrath of Beogh upon you.
Beogh smites you!
* * * LOW HITPOINT WARNING * * *
The orc warrior hits you with a +0 scimitar!
You die...
Your body crumbles into a pile of gold.

#.........# ....... ...
#.........# .......
....#.........#
.......##....#.........'
......... ...'.........#
........§ ...#......>..#
....§o§§# ..##.........#
....§.§o##..##.........#
.....o$@§$..##.........#
......$o$...#####'######
.....§##$...# #..# $
......##....# #.##
.##.........####'####
#.........##......####
.............#......+...
.............#..^...####
#.......##...#......##≈≈


You could see an orc warrior, an orc priest and 2 orcs.

Vanquished Creatures
  Pikel (D:9)
  An ugly thing (D:9)
  Maurice (D:8)
  A kobold demonologist (D:9)
  A human (D:7)
  6 yaks
  A warg (D:9)
  Edmund (D:4)
  Menkaure (D:7)
  An acid dragon (D:7)
  A water moccasin (D:8)
  Duvessa (D:5)
  An orc warrior (D:8)
  An ice beast (D:7)
  A black bear (D:7)
  A hornet zombie (D:5)
  A sky beast (D:8)
  3 centaurs
  An ogre (D:7)
  2 phantoms
  3 lemures (D:9)
  A bullfrog (D:8)
  A scorpion (D:7)
  A water moccasin zombie (D:5)
  Dowan (D:5)
  4 killer bees (D:8)
  A howler monkey (D:4)
  2 bullfrog zombies (D:5)
  2 centaur zombies (D:5)
  2 hounds
  3 jellies (D:8)
  8 orc priests
  3 bullfrog skeletons (D:5)
  A scorpion zombie (D:5)
  Natasha (thrice) (D:4)
  4 orc wizards
  A killer bee zombie (D:5)
  A hound zombie (D:5)
  A hound skeleton (D:5)
  Robin (D:4)
  A gnoll (D:1)
  12 adders
  2 shadow imps (D:7)
  4 worms (D:2)
  2 dart slugs
  32 orcs
  6 ball pythons
  4 bats
  7 endoplasms
  3 giant cockroaches
  17 goblins
  7 hobgoblins
  3 kobolds
  3 quokkas
  12 frilled lizards
  A goblin zombie (D:7)
  A jackal zombie (D:7)
  7 rats
196 creatures vanquished.

Vanquished Creatures (others)
  2 plants (D:3)
  A withered plant (D:5)
3 creatures vanquished.

Grand Total: 199 creatures vanquished

Notes
Turn   | Place    | Note
-------+----------+-------------------------------------------
     0 | D:1      | Iich the Demonspawn Fighter began the quest for the Orb.
     0 | D:1      | Reached XP level 1. HP: 18/18 MP: 1/1
    15 | D:1      | Reached skill level 2 in Axes
    75 | D:1      | Gained mutation: You are partially covered in sharp spines.
                  | [demonic ancestry]
    75 | D:1      | Reached XP level 2. HP: 13/24 MP: 2/2
   283 | D:1      | Gained mutation: You have large cloven feet. [demonic
                  | ancestry]
   283 | D:1      | Reached XP level 3. HP: 28/29 MP: 3/3
   491 | D:2      | Reached skill level 3 in Axes
   601 | D:2      | Identified the +3 cloak of Terror {+Inv rCorr Int-5}
   712 | D:2      | Reached XP level 4. HP: 32/37 MP: 4/4
  1303 | D:3      | Found an ornate altar of the Wu Jian Council.
  1337 | D:3      | Identified the +0 robe of the Gate {rPois Regen+}
  1394 | D:3      | Reached skill level 4 in Axes
  1649 | D:3      | Found Zin's Purification Station.
  1657 | D:3      | Bought a potion of curing for 90 gold pieces
  1767 | D:4      | Reached XP level 5. HP: 41/42 MP: 5/5
  1812 | D:4      | Found a broken altar of Ashenzari.
  1950 | D:4      | Found a hide-covered altar of Uskayaw.
  2016 | D:4      | Noticed Natasha
  2022 | D:4      | Killed Natasha
  2196 | D:4      | Noticed Edmund
  2204 | D:4      | Killed Edmund
  2205 | D:4      | Reached skill level 5 in Axes
  2205 | D:4      | Gained mutation: You are partially covered in large bone
                  | plates. (SH +4) [demonic ancestry]
  2205 | D:4      | Reached XP level 6. HP: 45/49 MP: 6/6
  2260 | D:4      | Noticed Natasha
  2266 | D:4      | Killed Natasha
  2307 | D:4      | You fall into a shaft and drop 2 floors!
  2636 | D:5      | Entered Level 5 of the Dungeon
  2642 | D:5      | Reached skill level 5 in Fighting
  2678 | D:5      | Noticed Duvessa
  2678 | D:5      | Noticed Dowan
  2699 | D:5      | Found a staircase to the Ecumenical Temple.
  2705 | Temple   | Entered the Ecumenical Temple
  2749 | Temple   | Became a worshipper of Gozag Ym Sagoz the Greedy
  2814 | D:5      | Reached XP level 7. HP: 48/56 MP: 7/7
  2837 | D:5      | Reached skill level 6 in Axes
  3020 | D:4      | Noticed Robin
  3040 | D:4      | Killed Robin
  3080 | D:4      | Noticed Natasha
  3086 | D:4      | Killed Natasha
  3233 | D:5      | Reached skill level 1 in Dodging
  3493 | D:5      | Killed Duvessa
  3494 | D:5      | Reached skill level 7 in Axes
  3494 | D:5      | Gained mutation: You are mostly covered in large bone
                  | plates. (SH +6) [demonic ancestry]
  3494 | D:5      | Reached XP level 8. HP: 30/64 MP: 8/8
  3497 | D:5      | Killed Dowan
  4954 | D:7      | Noticed Menkaure
  4969 | D:7      | Killed Menkaure
  4970 | D:7      | Reached skill level 8 in Axes
  5208 | D:7      | Found a runed translucent door.
  5209 | D:7      | Noticed Crazy Yiuf
  5522 | D:7      | Found a runed translucent door.
  5528 | D:7      | Found a basalt altar of Yredelemnul.
  5588 | D:7      | Reached XP level 9. HP: 72/72 MP: 9/9
  5661 | D:7      | Reached skill level 9 in Axes
  5794 | D:7      | Found a runed translucent gate.
  5794 | D:7      | Found a runed translucent gate.
  5811 | D:7      | Found a runed translucent gate.
  5812 | D:7      | Noticed Gibbon's ghost (novice HuCA)
  5834 | D:7      | Found a sparkling altar of Nemelex Xobeh.
  6465 | D:8      | Noticed Maurice
  6486 | D:8      | Killed Maurice
  6487 | D:8      | Reached skill level 5 in Dodging
  6560 | D:8      | Reached skill level 10 in Axes
  6570 | D:8      | Gained mutation: You have hoof-like feet. [demonic
                  | ancestry]
  6570 | D:8      | Reached XP level 10. HP: 52/80 MP: 10/10
  6949 | D:9      | Found Viaplof's Assorted Antiques.
  6950 | D:9      | Found Tatsybisk's Weapon Boutique.
  7044 | D:9      | Noticed a green ugly thing
  7056 | D:9      | Killed a green ugly thing
  7105 | D:9      | Noticed Pikel
  7116 | D:9      | Noticed a rust devil
  7124 | D:9      | Gained mutation: Your magical capacity is low. (-10% MP) [a
                  | neqoxec]
  7131 | D:9      | Killed Pikel
  7142 | D:9      | HP: 1/82 [orc priest/divine providence (13)]
  7142 | D:9      | Demolished by an orc warrior

Illustrated notes

Levels and vault maps discovered:
D:1:      psy_arrival_statuary, layout_rooms, dk_noncrumbling_4
D:2:      layout_rooms
D:3:      layout_basic, zin_purify, nzn_wu_jian_contemplation,
          minmay_lizard_king
D:4:      layout_gridville, mainiacjoe_overflow_concentric_impassable,
          mainiacjoe_overflow_surrounded_room, minivault_24, uniq_edmund,
          uniq_natasha, uniq_robin
D:5:      layout_loops_ring, minmay_temple_entry_mini_moons, serial_undead,
          serial_undead_d, serial_undead_c, serial_undead_c, serial_undead_b,
          serial_undead_e, serial_undead_a, uniq_duvessa
D:6:      layout_layer_cave
D:7:      layout_cave_pools, lemuel_round_altar, dk_yredelemnul_ordeal,
          gammafunk_ghost_necromancy, kennysheep_another_room,
          uniq_crazy_yiuf_cottage, uniq_menkaure
D:8:      layout_loops_ring, uniq_maurice
D:9:      layout_roguey, erik_orc_4, nicolae_benzene_ring,
          nicolae_wooded_promenade, uniq_pikel, uniq_amaemon
Temple:   eino_temple_scatter_basement

Skill      XL: |  1  2  3  4  5  6  7  8  9 |
---------------+----------------------------+-----
Axes           | 2 3 4 5 7 8 10 | 10.7
Fighting       | 4 5 6 7 8 |  8.7
Dodging        | 2 3 5 |  5.9
Armour         | |  2.6
Shields        | |  2.6

Action                     |  1- 3 |  4- 6 |  7- 9 | 10-12 || total
---------------------------+-------+-------+-------+-------++-------
  Melee: War axe           |    56 |   120 |   251 |       ||   427
         Kick              |     7 |    22 |    88 |    20 ||   137
         Broad axe         |       |       |    36 |    60 ||    96
 Invoke: Potion Petition   |       |       |       |     1 ||     1
  Evoke: Wand              |       |       |     6 |     1 ||     7
    Use: Scroll            |     2 |     5 |     5 |     6 ||    18
         Potion            |       |     3 |     1 |     4 ||     8
   Stab: Distracted        |       |       |     3 |       ||     3
         Invisible         |       |       |     1 |       ||     1
 Armour: Scale mail        |    16 |    83 |    57 |       ||   156
         Ring mail         |       |       |    66 |    23 ||    89
         Skin              |       |       |     5 |       ||     5
  Dodge: Dodged            |    24 |    39 |    82 |    24 ||   169
  Block: Buckler           |    14 |    34 |     8 |       ||    56
         Kite shield       |       |       |   238 |    49 ||   287

Table legend: (Time is in decaauts)
 A = Elapsed time spent in this place.
 B = Non-inter-level travel time spent in this place.
 C = Inter-level travel time spent in this place.
 D = Time resting spent in this place.
 E = Time spent auto-exploring this place.
 F = Levels seen in this place.
 G = Mean time per level.
                   A        B        C        D        E       F      G
               +--------+--------+--------+--------+--------+-----+--------+
         Total |   7293 |   7112 |    181 |    345 |   5238 |  10 |  729.3 |
       Dungeon |   7212 |   7031 |    181 |    345 |   5203 |   9 |  801.3 |
        Temple |     81 |     81 |      0 |      0 |     35 |   1 |   81.0 |
               +--------+--------+--------+--------+--------+-----+--------+

Top non-repeatable levels by time:
     D:7: 1271 daAuts
     D:6: 1232 daAuts
     D:5: 983 daAuts
     D:8: 915 daAuts
     D:4: 798 daAuts
     D:3: 783 daAuts
     D:2: 549 daAuts
     D:1: 463 daAuts
     D:9: 214 daAuts
  Temple: 81 daAuts
